 Dungeon Crawl Stone Soup version 0.22-a0-15-g4f60a598d5 (webtiles) character file.

144 Kaname the Conjurer (level 5, 35/35 HPs)
             Began as a Demonspawn Wizard on Jan 2, 2018.
             Quit the game on level 3 of the Dungeon.
             The game lasted 00:15:17 (2943 turns).

Kaname the Conjurer (Demonspawn Wizard)             Turns: 2943, Time: 00:15:18

Health: 35/35      AC:  4    Str:  8    XL:     5   Next: 5%
Magic:  3/9        EV: 15    Int: 20    God:
Gold:   172        SH:  0    Dex: 11    Spells: 1/10 levels left

rFire    + . .     SeeInvis .   m - +1 dagger (vamp)
rCold    + . .     Gourm    .   (no shield)
rNeg     . . .     Faith    .   q - +0 robe (curse)
rPois    .         Spirit   .   b - +0 hat
rElec    .         Reflect  .   (no cloak)
rCorr    .         Harm     .   (no gloves)
MR       .....                  (no boots)
Stlth    ++........             (no amulet)
HPRegen  0.11/turn              n - +3 ring of evasion
MPRegen  0.11/turn              (no ring)

@: no status effects
A: antennae 1, yellow scales 1, cold resistance 1, fire resistance 1, mutation
resistance 1, sense surroundings 1, flame cloud immunity
a: no special abilities


You were on level 3 of the Dungeon.
You were not hungry.

You visited 1 branch of the dungeon, and saw 3 of its levels.
You also visited: Sewer.

You collected 172 gold pieces.

Inventory:

Hand Weapons
 i - a +0 blowgun
 m - a +1 vampiric dagger (weapon)
Missiles
 e - 5 javelins (quivered)
 r - 13 poisoned needles
Armour
 b - a +0 hat (worn)
 q - a cursed +0 robe (worn)
Jewellery
 n - a +3 ring of evasion (left hand)
Wands
 t - a wand of enslavement (9)
Scrolls
 f - 3 scrolls of teleportation
 g - a scroll of fear
 h - 3 scrolls of remove curse
 k - a scroll of enchant armour
 l - 6 scrolls of amnesia
 p - a scroll of fog
 s - a scroll of identify
Potions
 c - 2 potions of flight
 j - a potion of haste {unknown}
Comestibles
 d - 4 rations
 o - 3 chunks of flesh


   Skills:
 - Level 1.7 Dodging
 - Level 1.7 Stealth
 - Level 3.0 Spellcasting
 - Level 4.0 Conjurations
   Level 1.0 Summonings
 - Level 1.0 Translocations
 + Level 1.2 Air Magic
 - Level 2.0 Poison Magic


You had one spell level left.
You knew the following spells:

 Your Spells              Type           Power        Failure   Level  Hunger
a - Magic Dart            Conj           ###.         2%          1    None
b - Blink                 Tloc           N/A          14%         2    ##.....
c - Mephitic Cloud        Conj/Pois/Air  ##......     16%         3    ###....
d - Conjure Flame         Conj/Fire      ##......     19%         3    ###....


Dungeon Overview and Level Annotations

Branches:
Dungeon (3/15)

Altars:
Nemelex Xobeh
Sif Muna


Innate Abilities, Weirdness & Mutations

You are partially covered in yellow scales. (AC +2)
Your flesh is heat resistant. (rF+)
You are immune to clouds of flame.
You have a pair of small antennae on your head.
Your flesh is cold resistant. (rC+)
You are somewhat resistant to further mutation.
You passively map a small area around you.


Message History

Aiming: Magic Dart
Press: ? - help, Shift-Dir - straight line, f/p - gnoll
Aim: a gnoll, wielding a flail (heavily wounded)
The magic dart hits the gnoll.
The gnoll is almost dead.
Casting: Magic Dart
Confirm with . or Enter, or press ? or * to list all spells.
Okay, then.
Casting: Magic Dart
Confirm with . or Enter, or press ? or * to list all spells.
Aiming: Magic Dart
Press: ? - help, Shift-Dir - straight line, f/p - gnoll
Aim: a gnoll, wielding a flail (almost dead)
The magic dart hits the gnoll.
You kill the gnoll!
Your Air Magic skill increases to level 1!
You have reached level 5!
Your demonic ancestry asserts itself...
Yellow scales grow over part of your body.
Are you sure you want to abandon this character and quit the game? (Confirm with "yes".)

,, , ,, ** * , , * * , , ,
#########
######################.......####
...................รท)'........)((
#########."........###.......#.##
#..........# #.......#.#
Y########....).....###.......#.#
.'......'.......@...##########.#
.########...........## #(# ,
#............# ######)##
#..........#.## #........
#..........#..# #........
#..........##.# #[.......
#############.# #........
#.###........ #..##........


There were no monsters in sight!

Vanquished Creatures
  A gnoll (D:3)
  2 adders (D:3)
  A river rat (D:3)
  2 oozes (Sewer)
  3 worms
  5 dart slugs
  A leopard gecko (Sewer)
  3 orcs
  5 ball pythons
  3 giant cockroaches
  3 goblins
  5 hobgoblins
  11 jackals
  7 kobolds
  A quokka (D:3)
  12 bats
  5 frilled lizards
  7 rats
77 creatures vanquished.

Notes
Turn   | Place    | Note
-------+----------+-------------------------------------------
     0 | D:1      | Kaname the Demonspawn Wizard began the quest for the Orb.
     0 | D:1      | Reached XP level 1. HP: 13/13 MP: 4/4
   235 | D:1      | Reached skill level 2 in Conjurations
   258 | D:1      | Gained mutation: Your flesh is heat resistant. (rF+) [demonic ancestry]
   258 | D:1      | Reached XP level 2. HP: 12/19 MP: 0/6
   935 | D:2      | Learned a level 2 spell: Blink
  1039 | D:2      | Reached skill level 3 in Conjurations
  1054 | D:2      | Reached XP level 3. HP: 24/24 MP: 2/7
  1060 | D:2      | Learned a level 3 spell: Mephitic Cloud
  1101 | D:2      | Reached skill level 1 in Translocations
  1160 | D:2      | Found a deep blue altar of Sif Muna.
  1475 | D:3      | Reached skill level 1 in Poison Magic
  1547 | D:3      | Found a sparkling altar of Nemelex Xobeh.
  1714 | D:3      | Gained mutation: You are immune to clouds of flame. [demonic ancestry]
  1714 | D:3      | Reached XP level 4. HP: 11/30 MP: 0/8
  1889 | D:3      | Found a glowing drain.
  1896 | Sewer    | Entered a sewer
  1912 | Sewer    | Gained mutation: You passively map a small area around you. [potion of mutation]
  1912 | Sewer    | Gained mutation: Your flesh is cold resistant. (rC+) [potion of mutation]
  1912 | Sewer    | Gained mutation: You have a pair of small antennae on your head. [potion of mutation]
  1912 | Sewer    | Gained mutation: You are somewhat resistant to further mutation. [potion of mutation]
  1922 | Sewer    | HP: 2/45 [ooze (3)]
  1945 | Sewer    | Learned a level 3 spell: Conjure Flame
  2306 | Sewer    | Reached skill level 4 in Conjurations
  2669 | D:3      | Noticed an ice beast
  2942 | D:3      | Reached skill level 1 in Air Magic
  2942 | D:3      | Gained mutation: You are partially covered in yellow scales. (AC +2) [demonic ancestry]
  2942 | D:3      | Reached XP level 5. HP: 35/35 MP: 3/9
  2943 | D:3      | Quit the game

Vault maps used:
D:1:      minmay_arrival_three_doors, bh_walls_and_bars
D:2:      led_sif_pool
D:3:      portal_sewer_entry_b, nemelex_xobeh_ov_fountains_minmay
Sewer:    sewer_fruit_machine

Skill      XL: |  1  2  3  4 |
---------------+-------------+-----
Conjurations   | 2 3 4 |  4.0
Translocations | 1 |  1.0
Poison Magic   | 2 |  2.0
Air Magic      | 1 |  1.2
Dodging        | |  1.7
Stealth        | |  1.7
Spellcasting   | |  3.0
Summonings     | |  1.0

Action                   |  1- 3 |  4- 6 || total
-------------------------+-------+-------++-------
Melee: Unarmed           |    61 |       ||    61
       Blowgun           |     1 |     5 ||     6
       Dagger            |       |    97 ||    97
 Fire: Blowgun           |    28 |     4 ||    32
 Cast: Magic Dart        |   114 |    70 ||   184
  Use: Scroll            |     5 |     2 ||     7
       Potion            |     2 |     2 ||     4
  Eat: Chunk             |     2 |     2 ||     4
       Ration            |       |     2 ||     2
Armor: Robe              |    11 |    28 ||    39
       Skin              |       |    58 ||    58
Dodge: Dodged            |   104 |   100 ||   204

Table legend:
 A = Spawn XP
 B = Non-spawn XP
 C = Spawn XP percentage of total XP
 D = Spawn monster count
 E = Non-spawn monster count
 F = Spawn count percentage of total count
 G = Total turns spent on level
                    A         B        C        D         E        F      G
               +---------+---------+-------+---------+---------+-------+---------
         Total |       0 |     206 |   0.0 |       0 |      77 |   0.0 |  2943
               +---------+---------+-------+---------+---------+-------+---------
           D:1 |       0 |      25 |   0.0 |       0 |      14 |   0.0 |   739
           D:2 |       0 |      27 |   0.0 |       0 |      12 |   0.0 |   620
           D:3 |       0 |     114 |   0.0 |       0 |      33 |   0.0 |   933
         Sewer |       0 |      40 |   0.0 |       0 |      18 |   0.0 |   651
               +---------+---------+-------+---------+---------+-------+---------
